 Dungeon Crawl Stone Soup version 0.31-a0-102-g33a4ccc0cb (webtiles) character file.

Game seed: 12498671216875560660

1405 Jackthecabe the Cleaver (level 8, -1/81 HPs)
             Began as a Hill Orc Reaver on May 26, 2023.
             Was an Initiate of Beogh.
             Slain by a warg (7 damage)
             ... on level 6 of the Dungeon.
             The game lasted 00:12:49 (5334 turns).

Jackthecabe the Cleaver (Hill Orc Reaver)           Turns: 5334, Time: 00:12:50

Health: -1/81      AC:  8    Str: 17    XL:     8   Next: 70%
Magic:  10/10      EV:  7    Int: 13    God:    Beogh [......]
Gold:   159        SH:  0    Dex:  9    Spells: 9/10 levels left

rFire   . . .        l - +0 broad axe
rCold   + . .        (no shield)
rNeg    . . .        j - +0 chain mail
rPois   .            (no helmet)
rElec   .            q - +0 cloak
rCorr   +            m - +1 pair of gloves
SInv    .            (no boots)
Will    +....        (no amulet) Stlth
                     R - ring of resist corrosion
HPRegen 0.33/turn    C - ring of protection from cold
MPRegen 0.12/turn

%: no passive effects
@: brilliant, attractive, enlightened, flying, hasted, very quick
A: deformed body, robust 1, no potion heal 1, MP-powered wands
a: Renounce Religion


You were on level 6 of the Dungeon.
You worshipped Beogh.
Beogh was noncommittal.
You visited 1 branch of the dungeon, and saw 6 of its levels.

You collected 159 gold pieces.


Innate Abilities, Weirdness & Mutations

Armour fits poorly on your strangely shaped body.
You are robust. (+10% HP)
Potions are less effective at restoring your health.
You expend magic power (3 MP) to strengthen your wands.


   Skills:
 - Level 8.0 Fighting
 * Level 11.0 Axes
 + Level 2.5 Armour
 - Level 1.5 Dodging
 - Level 1.5 Spellcasting
 - Level 3.0 Conjurations


You had 9 spell levels left.
You knew the following spells:

 Your Spells              Type           Power      Damage    Failure   Level
X - Kiss of Death         Conj/Necr      24%        2d7       86%         1

Your spell library contained the following spells:

 Spells                   Type           Power      Damage    Failure   Level
 Magic Dart               Conj           52%        1d5       65%         1
 Momentum Strike          Conj/Tloc      12%        3d8       95%         2
 Call Imp                 Summ           2%         N/A       99%         2
 Hailstorm                Conj/Ice       6%         3d4       99%         3
 Mephitic Cloud           Conj/Pois/Air  4%         N/A       100%        3

Inventory:

Hand Weapons
 l - a +0 broad axe (weapon)
Armour
 j - a +0 chain mail (worn)
 m - a +1 pair of gloves (worn)
 q - a +0 cloak (worn)
Magical Staves
 a - a staff of cold {!a}
Jewellery
 C - a ring of protection from cold (right hand)
 R - a ring of resist corrosion (left hand)
Wands
 t - a wand of roots (10)
Scrolls
 f - a scroll of fog
 i - a scroll of teleportation {unknown}
 k - a scroll of blinking
 r - a scroll of immolation {unknown}
 s - a scroll of fear
 u - a scroll of magic mapping {unknown}
Potions
 c - a potion of brilliance
 e - a potion of resistance

Dungeon Overview and Level Annotations

Branches:
Dungeon (6/15)             Temple (0/1) D:6

Altars:
Nemelex Xobeh
Qazlal

Shops:
D:2 *

Annotations:
D:3 Eustachio
D:4 Menkaure

#######################
#.........h.§h.†.......
#....P...hh.h......P...
#....~~~~h≈≈h§§~~≈§§~≈~
#....~≈~≈@≈≈≈≈≈≈≈~≈~≈~≈
#....≈≈▒▒▒▒▒~~~≈~~~≈~~~
#....~≈▒ogo▒...........
#...P~≈▒.oo▒▒▒▒▒▒▒▒▒▒▒▒
#....≈≈▒▒▒O▒
#....~≈~.▒.▒
#.P..~≈~.▒.▒
#....~≈~.▒.▒ #....~~~.▒


You could see 2 wargs, an ogre, a howler monkey, 4 hounds, an orc priest, 2 orc
wizards, a gnoll and an orc.


Message History

A nearby plant withers and dies.
The warg barely misses you. The warg is attracted toward you.
The howler monkey is attracted toward you.
Unknown command.
Your system partially rejects the healing.
You feel better.
Your system partially rejects the healing.
You feel better.
The howler monkey hoots and howls with incredible vigour!
You hear a howl!
You hear a bark!
You hear a shout!
Okay, then.
The hound is attracted toward you.
A warg comes into view.
The warg is attracted toward you. The hound closely misses you.
The warg is attracted toward you. The hound is attracted toward you.
The hound is attracted toward you.
The ogre shouts!
The warg is attracted toward you. The hound is attracted toward you. x2
You slash the warg!
The warg is moderately wounded.
The warg bites you!
* * * LOW HITPOINT WARNING * * *
The howler monkey is attracted toward you.
The hound is attracted toward you.
You closely miss the warg.
The warg is moderately wounded.
The orc mutters something uncomplimentary.
The warg bites you!
You die...

Skill      XL: |  1  2  3  4  5  6  7  8 |
---------------+-------------------------+-----
Axes           | 5 6 8 11 | 11.0
Fighting       | 4 6 8 |  8.0
Armour         | 2 |  2.5
Dodging        | |  1.5
Spellcasting   | |  1.5
Conjurations   | |  3.0

Action                     |  1- 3 |  4- 6 |  7- 9 || total
---------------------------+-------+-------+-------++-------
  Melee: Hand axe          |    55 |       |       ||    55
         Broad axe         |    26 |    36 |   186 ||   248
         Punch             |     1 |       |     1 ||     2
 Invoke: Convert to Beogh  |       |       |     1 ||     1
  Evoke: Wand              |       |     8 |     3 ||    11
    Use: Potion            |     1 |       |    10 ||    11
         Scroll            |       |       |     6 ||     6
 Armour: Leather armour    |    28 |    14 |    28 ||    70
         Chain mail        |       |       |    83 ||    83
  Dodge: Dodged            |    48 |    45 |   112 ||   205

Levels and vault maps discovered:
D:1:      dpeg_arrival_shrine, layout_basic
D:2:      layout_basic, hellmonk_ecumenical_altar_watching_god, serial_shops,
          nicolae_shop_overgrown_old_shop
D:3:      layout_loops_ring, nemelex_diamond_rough_becter,
          nicolae_qazlal_eye_of_the_storm, chequers_serial_rivers_large_a,
          uniq_grinder, uniq_sigmund
D:4:      layout_rooms, nicolae_nh_ransacked_shop, uniq_eustachio, uniq_ijyb,
          uniq_blork_the_orc, uniq_menkaure
D:5:      layout_rooms
D:6:      lemuel_castle_with_subvaults [lemuel_castle_interior_carwin_3],
          layout_gridville, minmay_temple_entry_fiery, serial_shops,
          nicolae_shop_temple_entry_statues_fountains

Notes
Turn   | Place    | Note
-------+----------+-------------------------------------------
     0 | D:1      | Jackthecabe the Hill Orc Reaver began the quest for the
                  | Orb.
     0 | D:1      | Reached XP level 1. HP: 18/18 MP: 3/3
   175 | D:1      | Reached XP level 2. HP: 25/25 MP: 4/4
   430 | D:1      | Reached skill level 5 in Axes
   790 | D:2      | Found Kuraej's Assorted Antiques.
   845 | D:2      | Reached XP level 3. HP: 15/30 MP: 5/5
  1073 | D:2      | Found a faded altar of an unknown god.
  1074 | D:2      | Noticed a great orb of eyes
  1080 | D:2      | Noticed a shining eye
  1083 | D:2      | Noticed a great orb of eyes
  1083 | D:2      | Noticed an eye of devastation
  1628 | D:3      | Reached skill level 6 in Axes
  1632 | D:3      | HP: 2/30 [adder (4)]
  1641 | D:3      | Reached XP level 4. HP: 34/37 MP: 6/6
  1685 | D:3      | Noticed Sigmund
  1964 | D:3      | Found a stormy altar of Qazlal.
  2085 | D:2      | Reached skill level 7 in Axes
  2284 | D:3      | Noticed Grinder
  2287 | D:3      | Paralysed by Grinder for 4 turns
  2294 | D:3      | Paralysed by Grinder for 4 turns
  2425 | D:3      | Killed Sigmund
  2426 | D:3      | Reached skill level 8 in Axes
  2426 | D:3      | Reached skill level 4 in Fighting
  2426 | D:3      | Reached XP level 5. HP: 32/47 MP: 7/7
  2426 | D:3      | Reached XP level 6. HP: 36/53 MP: 8/8
  2810 | D:3      | Found a sparkling altar of Nemelex Xobeh.
  3076 | D:4      | Identified a +1 robe of the Archmagi
  3076 | D:4      | Noticed Blork the orc
  3080 | D:4      | Killed Blork the orc
  3081 | D:4      | Reached skill level 5 in Fighting
  3113 | D:4      | Noticed Eustachio
  3137 | D:3      | Killed Grinder
  3138 | D:3      | Reached skill level 6 in Fighting
  3138 | D:3      | Reached XP level 7. HP: 59/64 MP: 9/9
  3169 | D:4      | Noticed Ijyb
  3193 | D:4      | Killed Ijyb
  3194 | D:4      | Reached skill level 7 in Fighting
  3456 | D:4      | Reached skill level 8 in Fighting
  3473 | D:4      | Noticed Menkaure
  3802 | D:4      | Reached XP level 8. HP: 46/74 MP: 10/10
  3951 | D:5      | Entered Level 5 of the Dungeon
  4044 | D:5      | Reached skill level 9 in Axes
  4205 | D:5      | Reached skill level 10 in Axes
  4221 | D:5      | Became a worshipper of Beogh the Brigand
  4252 | D:5      | Reached skill level 1 in Armour
  4800 | D:5      | Identified a potion of resistance
  4854 | D:6      | Found a staircase to the Ecumenical Temple.
  5182 | D:6      | Reached skill level 2 in Armour
  5311 | D:6      | Reached skill level 11 in Axes
  5318 | D:6      | Gained mutation: Armour fits poorly on your strangely
                  | shaped body. [potion of mutation]
  5318 | D:6      | Gained mutation: Potions are less effective at restoring
                  | your health. [potion of mutation]
  5318 | D:6      | Gained mutation: You expend magic power (3 MP) to
                  | strengthen your wands. [potion of mutation]
  5318 | D:6      | Gained mutation: You are robust. (+10% HP) [potion of
                  | mutation]
  5320 | D:6      | HP: 6/81 [hound (4)]
  5333 | D:6      | HP: 6/81 [warg (10)]
  5334 | D:6      | Slain by a warg

Vanquished Creatures
  Grinder (D:3)
  Sigmund (D:3)
  An orc warrior (D:4)
  An ice beast (D:5)
  A black bear (D:4)
  An ogre (D:5)
  A phantom (D:5)
  A kobold brigand (D:5)
  Blork the orc (D:4)
  A howler monkey (D:6)
  3 hounds
  A gnoll bouda (D:6)
  Ijyb (D:4)
  An iguana (D:5)
  3 orc wizards
  7 gnolls
  6 adders
  5 dart slugs
  3 orcs
  5 ball pythons
  A bat (D:2)
  2 endoplasms (D:2)
  A giant cockroach (D:4)
  11 goblins
  7 hobgoblins
  9 kobolds
  4 quokkas
  A frilled lizard (D:2)
  4 rats
85 creatures vanquished.

Vanquished Creatures (others)
  An orc priest (D:5)
  An orc wizard (D:5)
2 creatures vanquished.

Grand Total: 87 creatures vanquished

Table legend: (Time is in decaauts)
 A = Elapsed time spent in this place.
 B = Non-inter-level travel time spent in this place.
 C = Inter-level travel time spent in this place.
 D = Time resting spent in this place.
 E = Time spent auto-exploring this place.
 F = Levels seen in this place.
 G = Mean time per level.
                   A        B        C        D        E       F      G
               +--------+--------+--------+--------+--------+-----+--------+
         Total |   5393 |   5100 |    293 |    909 |   3108 |   6 |  898.8 |
       Dungeon |   5393 |   5100 |    293 |    909 |   3108 |   6 |  898.8 |
               +--------+--------+--------+--------+--------+-----+--------+

Top non-repeatable levels by time:
     D:3: 1264 daAuts
     D:2: 1260 daAuts
     D:4: 1124 daAuts
     D:5: 740 daAuts
     D:1: 676 daAuts
     D:6: 326 daAuts

Table legend:
 A = Non-vault XP
 B = Vault XP
 C = Vault XP percentage of total XP
 D = Non-vault monster count
 E = Vault monster count
 F = Vault count percentage of total count
                 A         B        C        D         E       F
            +---------+---------+-------+---------+---------+-------
      Total |     981 |    1027 |  51.1 |      76 |      10 |  11.6
            +---------+---------+-------+---------+---------+-------
        D:1 |      24 |       0 |   0.0 |      13 |       0 |   0.0
        D:2 |      48 |       0 |   0.0 |      16 |       0 |   0.0
        D:3 |     100 |     503 |  83.4 |      11 |       2 |  15.4
        D:4 |     238 |     305 |  56.2 |      14 |       5 |  26.3
        D:5 |     504 |     118 |  19.0 |      19 |       1 |   5.0
        D:6 |      67 |     101 |  60.1 |       3 |       2 |  40.0
            +---------+---------+-------+---------+---------+-------
